 Dungeon Crawl Stone Soup version 0.30-a0-1116-gebefce21f7 (webtiles) character file.

Game seed: 8742159806503878335

331 Arzdou the Magician (level 6, -2/43 HPs)
             Began as a Djinni Fire Elementalist on Apr 21, 2023.
             Slain by a worm (3 damage)
             ... on level 4 of the Dungeon.
             The game lasted 00:06:36 (3372 turns).

Arzdou the Magician (Djinni Fire Elementalist)      Turns: 3372, Time: 00:06:36

Health: -2/43      AC:  3    Str:  7    XL:     6   Next: 81%
Gold:   204        EV: 12    Int: 19    God:
                   SH:  0    Dex: 13

rFire   + + .      SeeInvis .    (no weapon)
rCold   x . .      Faith    .    (no shield)
rNeg    . . .      Spirit   .    a - +0 robe
rPois   ∞          Reflect  .    i - +0 helmet
rElec   .          Rampage  .    (no cloak)
rCorr   .                        (no gloves)
Will    .....                    (boots unavailable)
Stlth   ++                       (no amulet)
HPRegen 0.27/turn                (no ring)
MPRegen 0.00/turn                (no ring)

@: flying
A: sickness immunity, fire resistance 2, cold vulnerability 1, float, innate
caster, HP casting, extra vitality 1
a: no special abilities


You were on level 4 of the Dungeon.
You visited 1 branch of the dungeon, and saw 4 of its levels.

You collected 204 gold pieces.

Inventory:

Armour
 a - a +0 robe (worn)
 i - a +0 helmet (worn)
Scrolls
 d - a scroll of magic mapping {unknown}
 f - 4 scrolls of identify {unknown}
 g - a scroll of enchant weapon {unknown}
 k - a scroll of poison {unknown}
 l - 3 scrolls of fog {unknown}
 m - a scroll of fear {unknown}
 n - a scroll of enchant armour {unknown}
 o - a scroll of amnesia {unknown}
 q - 2 scrolls of teleportation {unknown}
Potions
 b - a potion of might {unknown}
 c - 2 potions of resistance {unknown}
 e - a potion of ambrosia {unknown}
 h - 2 potions of lignification {unknown}
 j - a potion of brilliance {unknown}
 p - a potion of curing {unknown}
 r - a potion of haste {unknown}


   Skills:
 * Level 1.6 Fighting
 + Level 2.4 Dodging
 - Level 2.0 Stealth
 * Level 5.1 Spellcasting


You knew the following spells:

 Your Spells              Type           Power      Damage    Failure   Level
a - Foxfire               Conj/Fire      96%        2x1d8     1%          1
b - Scorch                Fire           48%        2d7       2%          2
c - Volatile Blastmotes   Fire/Tloc      48%        2d14      4%          3
d - Inner Flame           Hex/Fire       24%        N/A       4%          3
e - Flame Wave            Conj/Fire      24%        2d8       16%         4
f - Beastly Appendage     Tmut           48%        N/A       1%          1
g - Lesser Beckoning      Tloc           48%        N/A       2%          2
Your spell library was empty.

Dungeon Overview and Level Annotations

Branches:
Dungeon (4/15)
 Temple: D:4-7

Altars:
Trog

Shops:
D:1 =

Annotations:
D:3 2 runed translucent doors, windycow's ghost, amateur TrEE


Innate Abilities, Weirdness & Mutations

You are immune to sickness and miasma.
You are immune to poison.
Your flesh is very heat resistant. (rF++)
You are vulnerable to cold. (rC-)
You float through the air rather than walking.
You learn spells naturally, not from books.
Your magical power is your life essence.
You have superior vitality. (+4 MHP)


Message History

The concussive blast engulfs you. You resist.
You are knocked back by the blast.
Casting: Volatile Blastmotes (dangerous; 4% risk of failure)
Confirm with . or Enter, or press ? or * to list all spells.
Flames lash the rat.
You kill the rat!
You see here a rat corpse.
You see here a rat corpse.
Casting: Scorch (safe; 2% risk of failure)
Confirm with . or Enter, or press ? or * to list all spells.
Flames lash the orc.
You kill the orc!
There is an open door here.
You see here a rat corpse.
There are monsters nearby!
Casting: Scorch (safe; 2% risk of failure)
Confirm with . or Enter, or press ? or * to list all spells.
A cloud of volatile blastmotes flares up around you!
There is an open door here.
You see here a rat corpse.
You see here a rat corpse.
You see here a rat corpse.
You see here a rat corpse.
There is an open door here.
You see here a rat corpse.
Casting: Volatile Blastmotes (dangerous; 4% risk of failure)
Confirm with . or Enter, or press ? or * to list all spells.
Flames lash the worm.
The worm is moderately wounded.
The worm's fire resistance burns away.
The moth of wrath goads the worm on!
The worm goes berserk!
The worm bites you!
Casting: Scorch (safe; 2% risk of failure)
Confirm with . or Enter, or press ? or * to list all spells.
Flames lash the worm.
The worm is burned terribly!
The worm is severely wounded.
The worm bites you!
* * * LOW HITPOINT WARNING * * *
The worm bites you.
You die...

#.# # #.# #. ##### ####.#
#.###+# ###....##
....####......
#)......######..#.........
.).......#......#.###.....
....#....##...............
...###...##...............
._.#y#...@††.)..#........#
...###..w#####..#........+
....#....##.....#.......##
.........#......#.....).## #
#.......##......#.......##
#.###....##...#.o.#.......#.
#..#######....#...........')
#.............#...........#.
#.......)(.(................


You could see a moth of wrath and a worm (berserk, combustible).

Vanquished Creatures
  A scorpion (D:4)
  A hound (D:4)
  An iguana (D:4)
  Jessica (D:2)
  A sleepcap (D:4)
  3 gnolls (D:2)
  6 adders
  A worm (D:4)
  2 dart slugs
  6 orcs
  4 endoplasms
  A giant cockroach (D:3)
  6 goblins
  11 hobgoblins
  6 kobolds
  A quokka (D:2)
  7 ball pythons
  4 bats
  A frilled lizard (D:2)
  11 rats
75 creatures vanquished.

Vanquished Creatures (others)
  53 foxfires
53 creatures vanquished.

Grand Total: 128 creatures vanquished

Notes
Turn   | Place    | Note
-------+----------+-------------------------------------------
     0 | D:1      | Arzdou the Djinni Fire Elementalist began the quest for the
                  | Orb.
     0 | D:1      | Arzdou set off with the following spells memorised:
                  | Foxfire, Scorch, Volatile Blastmotes, Inner Flame, Flame
                  | Wave.
     0 | D:1      | Reached XP level 1. HP: 15/15 MP: 0/0
   264 | D:1      | Reached XP level 2. HP: 19/21 MP: 0/0
   493 | D:1      | Found Sikaikois's Jewellery Boutique.
   845 | D:2      | Reached skill level 3 in Spellcasting
   847 | D:2      | Noticed Jessica
   850 | D:2      | Reached XP level 3. HP: 16/25 MP: 0/0
   850 | D:2      | Learned a level 1 spell: Beastly Appendage
   853 | D:2      | Killed Jessica
   854 | D:2      | Reached XP level 4. HP: 16/31 MP: 0/0
  1360 | D:2      | Reached XP level 5. HP: 34/36 MP: 0/0
  1360 | D:2      | Learned a level 2 spell: Lesser Beckoning
  1655 | D:2      | Reached skill level 4 in Spellcasting
  1858 | D:3      | Found a large runed translucent door.
  1858 | D:3      | Found a large runed translucent door.
  1863 | D:3      | Noticed windycow's ghost (amateur TrEE)
  2033 | D:3      | Reached skill level 1 in Fighting
  2893 | D:4      | Reached XP level 6. HP: 30/42 MP: 0/0
  3103 | D:4      | Reached skill level 5 in Spellcasting
  3332 | D:4      | Noticed a moth of wrath
  3335 | D:4      | Found a bloodstained altar of Trog.
  3371 | D:4      | HP: 1/43 [worm (14)]
  3372 | D:4      | Slain by a worm

Illustrated notes

Levels and vault maps discovered:
D:1:      psy_arrival_basics, layout_basic, serial_shops,
          nicolae_lakefront_shop, nicolae_concentric_dashed_squares_mild
D:2:      layout_loops_ring, lightli_corner_chamber, uniq_jessica
D:3:      layout_basic, ebering_ghost_disaster_area
D:4:      layout_basic, tgw_trog

Skill      XL: |  1  2  3  4  5  6 |
---------------+-------------------+-----
Spellcasting   | 3 4 5 |  5.1
Fighting       | 1 |  1.6
Stealth        | 2 |  2.0
Dodging        | |  2.4

Action                     |  1- 3 |  4- 6 || total
---------------------------+-------+-------++-------
   Cast: Foxfire           |    26 |    13 ||    39
         Scorch            |     6 |    46 ||    52
         Volatile Blastmot |       |    27 ||    27
 Armour: Robe              |       |     4 ||     4
  Dodge: Dodged            |     3 |    31 ||    34

Table legend: (Time is in decaauts)
 A = Elapsed time spent in this place.
 B = Non-inter-level travel time spent in this place.
 C = Inter-level travel time spent in this place.
 D = Time resting spent in this place.
 E = Time spent auto-exploring this place.
 F = Levels seen in this place.
 G = Mean time per level.
                   A        B        C        D        E       F      G
               +--------+--------+--------+--------+--------+-----+--------+
         Total |   3375 |   3147 |    228 |     75 |   2550 |   4 |  843.8 |
       Dungeon |   3375 |   3147 |    228 |     75 |   2550 |   4 |  843.8 |
               +--------+--------+--------+--------+--------+-----+--------+

Top non-repeatable levels by time:
     D:3: 971 daAuts
     D:1: 937 daAuts
     D:2: 816 daAuts
     D:4: 650 daAuts
